 Dungeon Crawl Stone Soup version 0.28-a0-317-g21599a725c (webtiles) character file.

Game seed: 2214425890519377221

6167 AarnesTheHuman the Frost Mage (level 10, -6/83 HPs)
             Began as a Barachi Ice Elementalist on Sept 1, 2021.
             Was an Elder of Cheibriados.
             Mangled by an enormous slime creature (52 damage)
             ... on level 9 of the Dungeon.
             The game lasted 00:32:13 (13226 turns).

AarnesTheHuman the Frost Mage (BaIE)               Turns: 13226, Time: 00:32:14

Health: -6/83      AC:  7    Str: 21    XL:     10   Next: 90%
Magic:  22/22      EV: 17    Int: 26    God:    Cheibriados [****..]
Gold:   444        SH:  5    Dex: 24    Spells: 14/25 levels left

rFire   + . .      SeeInvis .   f - +0 short sword (venom)
rCold   + . .      Faith    .   (no shield)
rNeg    . . .      Spirit   .   t - +0 leather armour
rPois   .          Reflect  +   (no helmet)
rElec   .          Harm     .   (no cloak)
rCorr   .          Rampage  .   j - +2 pair of gloves {Dex+3}
Will    .....                   d - +0 pair of boots
Stlth   ++........              p - amulet of reflection
HPRegen 0.23/turn               r - ring of protection from cold
MPRegen 0.18/turn               w - ring of protection from fire

@: very slow
A: amphibious, slowness 1, strong legs 1, +LOS
a: Hop, Renounce Religion, Bend Time, Temporal Distortion, Slouch


You were on level 9 of the Dungeon.
You worshipped Cheibriados.
Cheibriados was greatly pleased with you.
You visited 2 branches of the dungeon, and saw 10 of its levels.

You collected 444 gold pieces.

Inventory:

Hand Weapons
 a - a +2 short sword of flaming
 e - a +0 mace of holy wrath
 f - a +0 short sword of venom (weapon)
 u - a +2 whip of flaming
 A - a +2 scimitar
 D - a +3 trident
Missiles
 b - 171 stones
 y - a throwing net
 C - 35 poisoned darts
Armour
 d - a +0 pair of boots (worn)
 j - a +2 pair of gloves of dexterity (worn)
 t - a +0 leather armour (worn)
Jewellery
 i - an amulet of faith
 m - a ring of flight
 n - an amulet of guardian spirit
 o - an amulet of regeneration
 p - an amulet of reflection (around neck)
 r - a ring of protection from cold (left hand)
 w - a ring of protection from fire (right hand)
Wands
 x - a wand of acid (5)
Scrolls
 c - a scroll of teleportation {unknown}
 k - a scroll of fear
 s - a scroll of magic mapping
Potions
 g - 2 potions of attraction
 h - 3 potions of curing
 l - 2 potions of heal wounds
 q - a potion of might
 v - a potion of ambrosia
 z - a potion of mutation


   Skills:
 + Level 9.4 Fighting
 + Level 2.6 Armour
 - Level 6.6 Dodging
 - Level 1.7 Stealth
 + Level 8.3 Spellcasting
 + Level 6.2 Conjurations
 - Level 10.1 Ice Magic
 * Level 1.5 Invocations


You had 14 spell levels left.
You knew the following spells:

 Your Spells              Type           Power      Damage    Failure   Level
a - Freeze                Ice            100%       1d11      1%          1
b - Frozen Ramparts       Ice            100%       1d12      1%          3
c - Ozocubu's Armour      Ice            59%        N/A       1%          3
d - Hailstorm             Conj/Ice       52%        3d12      2%          4

Your spell library contained the following spells:

 Spells                   Type           Power      Damage    Failure   Level
 Inner Flame              Hex/Fire       10%        N/A       19%         3
 Portal Projectile        Hex/Tloc       20%        N/A       19%         3
 Cause Fear               Hex            5%         N/A       52%         4
 Blade Hands              Tmut           5%         N/A       86%         5
 Excruciating Wounds      Necr           5%         N/A       86%         5
 Discord                  Hex            5%         N/A       100%        8


Dungeon Overview and Level Annotations

Branches:
Dungeon (9/15)             Temple (1/1) D:5
   Lair: D:8-11         Orc: D:9-12

Altars:
Cheibriados
Dithmenos
Elyvilon
Fedhas
Gozag
Hepliaklqana
Kikubaaqudgha
Makhleb
Nemelex Xobeh
Okawaru
Qazlal
Sif Muna
Trog
Uskayaw
Vehumet
Wu Jian
Xom
Zin
The Shining One

Shops:
D:5 :*=(

Annotations:
D:1 exclusions: endoplasm and gnoll


Innate Abilities, Weirdness & Mutations

You are amphibious.
You cover ground slowly.
You can hop short distances.
You have an extended range of vision and can be seen from far away.


Message History

A slime creature comes into view. x2
An orc comes into view. It is wielding a +0 flail.
Found an escape hatch in the floor.
The slime creature barely misses you. The slime creature misses you.
Casting: Frozen Ramparts (safe; 1% risk of failure)
Confirm with . or Enter, or press ? or * to list all spells.
Casting: Frozen Ramparts (safe; 1% risk of failure)
Press: ? - help, Dir - look around, f - activate The walls around you are covered in ice.
The wall freezes the slime creature.
The slime creature hits you but does no damage.
The wall freezes the slime creature.
You barely miss the slime creature.
The slime creature is lightly wounded.
The orc priest invokes the aid of Beogh against you.
Beogh smites you!
The wall freezes the slime creature.
You block the slime creature's attack.
The wall freezes the slime creature.
Two slime creatures merge to form a large slime creature.
The slime creature quivers.
You hit the large slime creature.
The large slime creature is lightly wounded.
The orc priest miscasts a cantrip.
You puncture the large slime creature!
The large slime creature is lightly wounded.
You puncture the large slime creature!
The large slime creature is poisoned.
The large slime creature is moderately wounded.
The wall freezes the slime creature!
The wall freezes the large slime creature!
The large slime creature hits you!!
Your frozen ramparts will break if you move.
Continue?
The frozen ramparts melt away as you move.
Two slime creatures merge to form a very large slime creature.
A very large slime creature splits.
Two slime creatures merge to form a very large slime creature.
You block the slime creature's attack.
Two slime creatures merge to form an enormous slime creature.
The enormous slime creature closely misses you.
The enormous slime creature hits you!!!
Ouch! That really hurt!
You die...

# #.# #.##.## #.....#
####..# ##.# #o# #o#
#######J####
#......@...############
#.#####.##.##.)......z.
#.# #.##.##)#########
#.# #.##.##)# #.#
#>##.##.#######. #.#
#.##.##.........
#.#####......†.#######
#....<........##
###############


You could see an enormous slime creature (poisoned), an orc priest and an orc.

Vanquished Creatures
  Harold (D:7)
  Pikel (D:4)
  A hornet (D:9)
  A wyvern (D:5)
  2 water moccasins
  4 orc warriors
  3 sky beasts
  3 ice beasts
  2 black bears
  3 ogres
  4 centaurs
  2 phantoms
  3 lemures (D:4)
  Blork the orc (D:5)
  2 kobold brigands
  A bullfrog (D:7)
  A gnoll sergeant (D:7)
  6 scorpions
  11 killer bees
  8 wights
  2 howler monkeys
  2 centaur zombies (D:8)
  2 hounds
  3 orc priests (D:5)
  4 jellies (D:4)
  A gnoll shaman (D:7)
  A centaur skeleton (D:5)
  2 bullfrog skeletons
  5 iguanas
  6 orc wizards
  A hound skeleton (D:4)
  A howler monkey zombie (D:6)
  9 gnolls (D:7)
  A howler monkey skeleton (D:7)
  A river rat (D:6)
  5 adders
  5 worms
  5 dart slugs
  24 orcs
  7 ball pythons
  14 endoplasms
  3 giant cockroaches (D:3)
  11 goblins
  7 hobgoblins
  2 jackals (D:2)
  7 quokkas
  8 bats
  27 kobolds
  10 rats
236 creatures vanquished.

Vanquished Creatures (others)
  10 fungi (D:4)
  A plant (D:9)
  5 toadstools (D:4)
16 creatures vanquished.

Grand Total: 252 creatures vanquished

Notes
Turn   | Place    | Note
-------+----------+-------------------------------------------
     0 | D:1      | AarnesTheHuman the Barachi Ice Elementalist began the quest
                  | for the Orb.
     0 | D:1      | Reached XP level 1. HP: 13/13 MP: 3/3
    74 | D:1      | Reached skill level 5 in Ice Magic
   271 | D:1      | Reached XP level 2. HP: 19/20 MP: 5/5
   383 | D:1      | Reached skill level 1 in Fighting
  1244 | D:2      | Reached XP level 3. HP: 17/26 MP: 1/6
  1800 | D:2      | Reached XP level 4. HP: 33/33 MP: 4/8
  2068 | D:3      | Reached skill level 6 in Ice Magic
  2618 | D:3      | Noticed a sky beast
  2632 | D:3      | Killed a sky beast
  2633 | D:3      | Reached XP level 5. HP: 32/40 MP: 2/10
  3894 | D:4      | Reached XP level 6. HP: 42/47 MP: 11/11
  3898 | D:4      | Learned a level 3 spell: Frozen Ramparts
  3902 | D:4      | Learned a level 3 spell: Ozocubu's Armour
  3943 | D:4      | Found a large runed translucent door.
  3944 | D:4      | Found a large runed translucent door.
  3950 | D:4      | Reached skill level 7 in Ice Magic
  4062 | D:4      | Found a hide-covered altar of Uskayaw.
  4452 | D:4      | Noticed Pikel
  4604 | D:4      | Killed Pikel
  4605 | D:4      | Reached skill level 5 in Fighting
  4605 | D:4      | Reached skill level 8 in Ice Magic
  4605 | D:4      | Reached XP level 7. HP: 35/56 MP: 4/14
  4605 | D:4      | Reached XP level 8. HP: 39/62 MP: 4/15
  4862 | D:4      | Reached skill level 9 in Ice Magic
  4867 | D:4      | Reached skill level 5 in Spellcasting
  5222 | D:4      | Found a hazy altar of Hepliaklqana.
  5268 | D:4      | Found a shimmering blue altar of Sif Muna.
  5383 | D:5      | Entered Level 5 of the Dungeon
  5784 | D:5      | Found Esinwuat's Assorted Antiques.
  5785 | D:5      | Found Kosost's Jewellery Emporium.
  5916 | D:5      | Found Samm's Weapon Shoppe.
  5917 | D:5      | Found Xavviate's Book Boutique.
  5933 | D:5      | Noticed a wyvern
  5990 | D:5      | Found an ornate altar of the Wu Jian Council.
  5991 | D:5      | Found an iron altar of Okawaru.
  6004 | D:5      | Reached skill level 10 in Ice Magic
  6099 | D:5      | Learned a level 4 spell: Hailstorm
  6187 | D:5      | Noticed Blork the orc
  6194 | D:5      | Killed Blork the orc
  6198 | D:5      | Reached skill level 1 in Conjurations
  6322 | D:5      | Reached XP level 9. HP: 57/71 MP: 9/18
  6444 | D:5      | Found a staircase to the Ecumenical Temple.
  6453 | Temple   | Entered the Ecumenical Temple
  6685 | Temple   | Became a worshipper of Cheibriados the Contemplative
  6802 | D:5      | Found an opulent altar of Gozag.
  7746 | D:6      | Reached * piety under Cheibriados
  9590 | D:7      | Reached skill level 5 in Dodging
  9633 | D:7      | Reached XP level 10. HP: 26/80 MP: 3/20
  9827 | D:7      | Reached ** piety under Cheibriados
 10307 | D:7      | Reached skill level 5 in Conjurations
 11348 | D:8      | Reached *** piety under Cheibriados
 12002 | D:8      | Noticed Harold
 12209 | D:7      | HP: 3/83 [Harold (14)]
 12213 | D:7      | Killed Harold
 12577 | D:8      | Reached **** piety under Cheibriados
 13000 | D:9      | Reached skill level 1 in Invocations
 13226 | D:9      | Mangled by an enormous slime creature

Illustrated notes

Levels and vault maps discovered:
D:1:      psy_arrival_statuary, layout_basic, shapermc_ecumenical_altar_petra
D:2:      layout_rooms, due_unseen_surprise
D:3:      layout_loops_corners, minmay_vboxes
D:4:      cheibrodos_fertilizer, layout_loops_ring,
          mainiacjoe_overflow_24_doors, jmf_multi_god_temple2, uniq_pikel
D:5:      layout_loops_ring, nicolae_gozag_cash_rules_everything_around_me,
          mainiacjoe_overflow_large_starburst, minmay_temple_entry_proselytizer,
          kennysheep_another_room, nicolae_wooded_promenade, uniq_blork_the_orc
D:6:      layout_cave_pods, portal_sewer_entry_e, grunt_decor_clamped
D:7:      layout_basic, enter_bailey_5
D:8:      layout_rooms, chequers_serial_rivers_marsh, uniq_harold
D:9:      layout_loops_ring, lemuel_doored_altar, erik_lair_orcish_takeover,
          orc_0_dummy
Temple:   nicolae_temple_figure_eight

Skill      XL: |  1  2  3  4  5  6  7  8  9 10 |
---------------+-------------------------------+-----
Ice Magic      | 5 6 8 10 | 10.1
Fighting       | 1 2 3 5 6 8 9 |  9.4
Spellcasting   | 3 4 6 7 8 |  8.3
Conjurations   | 1 4 6 |  6.2
Dodging        | 5 6 |  6.6
Armour         | 2 |  2.6
Invocations    | 1 |  1.5
Stealth        | |  1.7

Action                   |  1- 3 |  4- 6 |  7- 9 | 10-12 || total
-------------------------+-------+-------+-------+-------++-------
Melee: Mace              |     5 |       |       |       ||     5
       Short sword       |    25 |   122 |   264 |   162 ||   573
 Cast: Freeze            |    49 |    38 |    55 |    17 ||   159
       Frozen Ramparts   |       |     1 |    15 |    14 ||    30
       Ozocubu's Armour  |       |       |    10 |     3 ||    13
       Hailstorm         |       |       |     2 |    16 ||    18
Invok: Bend Time         |       |       |     1 |     2 ||     3
 Abil: Hop               |       |       |     1 |     1 ||     2
  Use: Scroll            |       |       |    11 |     3 ||    14
       Potion            |       |       |       |     1 ||     1
 Stab: Sleeping          |     3 |     2 |     7 |     1 ||    13
Armor: Robe              |    18 |    29 |       |       ||    47
       Leather armour    |       |    10 |    92 |    63 ||   165
Dodge: Dodged            |    54 |    95 |   164 |   187 ||   500
Block: Other             |       |       |    24 |    67 ||    91
       Reflection        |       |       |       |    10 ||    10

Table legend: (Time is in decaauts)
 A = Elapsed time spent in this place.
 B = Non-inter-level travel time spent in this place.
 C = Inter-level travel time spent in this place.
 D = Time resting spent in this place.
 E = Time spent auto-exploring this place.
 F = Levels seen in this place.
 G = Mean time per level.
                   A        B        C        D        E       F      G
               +--------+--------+--------+--------+--------+-----+--------+
         Total |  15985 |  15167 |    818 |   2827 |   9371 |  10 | 1598.5 |
       Dungeon |  15693 |  14892 |    801 |   2827 |   9127 |   9 | 1743.7 |
        Temple |    291 |    274 |     17 |      0 |    244 |   1 |  291.0 |
               +--------+--------+--------+--------+--------+-----+--------+

Top non-repeatable levels by time:
     D:7: 3194 daAuts
     D:6: 2563 daAuts
     D:5: 2195 daAuts
     D:3: 2165 daAuts
     D:4: 1694 daAuts
     D:1: 1376 daAuts
     D:8: 1336 daAuts
     D:2: 874 daAuts
     D:9: 294 daAuts
  Temple: 291 daAuts
